 Dungeon Sprint DCSS version 0.24-b1-30-g840c9efd86 (webtiles) character file.

Game seed: 4588828122483822242, levelgen mode: deterministic

0 night the Ducker (level 1, -1/10 HPs)
             Began as a Felid Berserker on Oct 25, 2019.
             Was a Follower of Trog.
             Slain by Ijyb (3 damage)
             ... in the Dungeon (Sprint VI: "Thunderdome").
             The game lasted 00:01:25 (67 turns).

night the Ducker (Felid Berserker)                    Turns: 67, Time: 00:01:26

Health: -1/10      AC:  1    Str: 13    XL:     1   Next: 16%
Magic:  2/2        EV: 19    Int:  8    God:    Trog [*.....]
Gold:   200        SH:  0    Dex: 15    Spells: 0/0 levels left
                                        Lives:  0   Deaths: 0

rFire    . . .     SeeInvis +     - Unarmed
rCold    . . .     Gourm    .   (shield unavailable)
rNeg     . . .     Faith    .   (armour unavailable)
rPois    .         Spirit   .   (helmet unavailable)
rElec    .         Reflect  .   (cloak unavailable)
rCorr    .         Harm     .   (gloves unavailable)
MR       .....     NoTele   +   (boots unavailable)
Stlth    ++........             (no amulet)
HPRegen  0.03/turn              (no ring)
MPRegen  0.08/turn              (no ring)

@: quick
A: very small, no armour, no weapons or thrown items, stealth, claws 1, fangs 3,
see invisible, carnivore, speed 1, shaggy fur 1, slow metabolism 1, sharp paws
a: Berserk, Renounce Religion


You were in the Dungeon.
You worshipped Trog.
Trog was aware of your devotion.
You were not hungry.

You visited 1 branch You collected 200 gold pieces.

Inventory:

Wands
 i - a wand of acid (5)
 j - a wand of iceblast (5)
Scrolls
 g - 4 scrolls of blinking
 k - 3 scrolls of fog
Potions
 b - a potion of curing
 c - 4 potions of heal wounds
 d - 4 potions of haste
 e - 2 potions of magic
 f - a potion of berserk rage
 h - a potion of resistance
Comestibles
 a - a ration
 l - 2 chunks of flesh


   Skills:
 + Level 3.2 Fighting
 + Level 4.3 Dodging
 + Level 3.2 Unarmed Combat


You couldn't memorise any spells.
You didn't know any spells.
Your spell library was empty.

Dungeon Overview and Level Annotations

Branches:
Dungeon (1/1)

Altars:
Cheibriados
Makhleb
Okawaru
Ru
Sif Muna
Trog
Vehumet
Wu Jian
Xom
Yredelemnul
The Shining One
Beogh
Lugonu

Shops:
D ??:(!!!!

Annotations:
D Ijyb


Innate Abilities, Weirdness & Mutations

You cannot wear armour.
You are incapable of wielding weapons or throwing items.
Your paws allow you to move quietly. (Stealth)
You have sharp claws.
You have razor-sharp teeth.
You have supernaturally acute eyesight. (SInv)
You are carnivorous and can eat meat at any time.
You cover ground quickly.
You are covered in fur. (AC +1)
You have a slow metabolism.
Your sharp claws are effective at attacking unaware monsters.


Message History

Ijyb is lightly wounded.
Ijyb hits you.
* * * LOW HITPOINT WARNING * * *
You scratch Ijyb but do no damage.
Ijyb is lightly wounded.
Ijyb completely misses you.
You scratch Ijyb. You bite Ijyb, but do no damage.
Ijyb is moderately wounded.
Ijyb hits you.
* * * LOW HITPOINT WARNING * * *
You closely miss Ijyb.
Ijyb is moderately wounded.
Ijyb completely misses you.
You scratch Ijyb but do no damage. You claw Ijyb.
Ijyb is heavily wounded.
Ijyb misses you.
You scratch Ijyb but do no damage. You bite Ijyb.
Ijyb is severely wounded.
Ijyb hits you.
You die...

##### ##⌠⌠⌠## #.....#
##.....## ##∩.....∩##
#∩.......∩# #....g..._#
#_...@..._# #_......._#
###....)....###
#⌠...........⌠#
#.8.........8.######
......###......___∩##
....8. #.8........∩###
......###.............##
...###...###..........⌠#


You could see Ijyb.

Vanquished Creatures
  A hobgoblin (D)
1 creature vanquished.

Notes
Turn   | Place    | Note
-------+----------+-------------------------------------------
     0 | D        | night the Felid Berserker began the quest for the Orb.
     0 | D        | Reached XP level 1. HP: 10/10 MP: 2/2
     4 | D        | Found a snail-covered altar of Cheibriados.
     4 | D        | Found a roughly hewn altar of Beogh.
     5 | D        | Found a corrupted altar of Lugonu.
     5 | D        | Found a shimmering altar of Xom.
     6 | D        | Found a radiant altar of Vehumet.
     6 | D        | Found an iron altar of Okawaru.
     7 | D        | Found Rios's Do-It-Yourself Clinic.
     7 | D        | Found a glowing golden altar of the Shining One.
     7 | D        | Found an ornate altar of the Wu Jian Council.
     7 | D        | Found Ebuor's Distillery.
     7 | D        | Round 1.
     8 | D        | Found Xaleud's Bottled Wisdom.
     8 | D        | Found Niuhup's Distillery.
    29 | D        | Found a basalt altar of Yredelemnul.
    31 | D        | Found a sacrificial altar of Ru.
    31 | D        | Found a shimmering blue altar of Sif Muna.
    31 | D        | Found Ponweo's Staff Store.
    31 | D        | Found Nojubbur's Must-Have Magic.
    32 | D        | Found Joiplim's Magic Scroll Shop.
    33 | D        | Found a burning altar of Makhleb.
    33 | D        | Found a bloodstained altar of Trog.
    33 | D        | Found Nuif's Magic Scroll Shop.
    42 | D        | Noticed Ijyb
    67 | D        | Slain by Ijyb

Action                   || total
-------------------------++-------
Melee: Unarmed           ||    24
       Bite              ||     4
       Punch             ||     2
Armor: Skin              ||     1
Dodge: Dodged            ||    15
